 Dungeon Crawl Stone Soup version 0.18.1-6-gd335043 (webtiles) character file.

2470 epen the Grappler (level 9, 0/79 HPs)
             Began as a Purple Draconian Chaos Knight on May 18, 2016.
             Slain by a hell hound (8 damage)
             ... on level 8 of the Dungeon.
             The game lasted 00:15:37 (6878 turns).

epen the Grappler (Purple Draconian Chaos Knight)   Turns: 6878, Time: 00:15:37

Health: 0/79       AC: 13    Str: 18    XL:     9   Next: 26%
Magic:  9/9        EV: 15    Int: 14    God:    Xom [....*.]
Gold:   353        SH:  0    Dex: 11    Spells: 0 memorised, 8 levels left

rFire  . . .     SeeInvis .       - Unarmed
rCold  . . .     Gourm    .     (armour unavailable)
rNeg   . . .     Faith    .     (no shield)
rPois  .         Spirit   .     (helmet restricted)
rElec  .         Dismiss  .     y - +2 cloak
rCorr  .         Reflect  .     q - +2 pair of gloves
SustAt .         Harm     .     (no boots)
MR     ++...     Clarity  +     (no amulet)
Stlth  +.........               H - ring of flight
                                E - ring of protection from magic

@: very slightly contaminated, hasted, very quick, very resistant to hostile
enchantments, very unstealthy
A: breathe power, unfitting armour, clarity, clumsy 1, sense surroundings 1,
strong 2, cold-blooded, AC +7
a: Breathe Dispelling Energy, Renounce Religion, Evoke Flight


You were on level 8 of the Dungeon.
You worshipped Xom.
You were a beloved toy of Xom.
You were not hungry.

You visited 1 branch of the dungeon, and saw 8 of its levels.

You collected 353 gold pieces.

Inventory:

Armour
 j - a +0 pair of gloves
 l - a +1 pair of gloves
 q - a +2 pair of gloves (worn)
 s - a +0 cloak
 y - a +2 cloak (worn)
Jewellery
 n - an uncursed ring of protection from magic
 u - an uncursed ring of sustain attributes
 v - an uncursed ring of stealth
 D - an uncursed ring of see invisible
 E - a ring of protection from magic (left hand)
 H - a ring of flight (right hand)
Wands
 o - a wand of hasting (6/9)
 C - a wand of digging (7/24)
 G - a wand of iceblast (6/15)
Scrolls
 b - 5 scrolls of amnesia
 c - a scroll of fog {unknown}
 e - 4 scrolls of teleportation
 g - 8 scrolls of identify
 k - 4 scrolls of immolation
 w - a scroll of recharging
 x - a scroll of enchant weapon
 F - a scroll of random uselessness {unknown}
Potions
 d - 2 potions of brilliance
 f - 2 potions of berserk rage
 h - a potion of haste
 i - 2 potions of resistance {unknown}
 p - a potion of heal wounds
 t - a potion of might
 B - a potion of cancellation
Comestibles
 a - 5 bread rations
 m - 2 beef jerkies
 r - 4 meat rations
 z - 7 fruits


   Skills:
 + Level 7.1 Fighting
 * Level 7.5 Dodging
 * Level 8.5 Unarmed Combat


You had 8 spell levels left.
You didn't know any spells.

Dungeon Overview and Level Annotations

Branches:
Dungeon (8/15)             Temple (0/1) D:5            Lair (0/8) D:8

Altars:
Ashenzari
Cheibriados
Elyvilon
Fedhas
Gozag
Pakellas
Ru
Xom
Yredelemnul

Annotations:
D:6 Prince Ribbit


Innate Abilities, Weirdness & Mutations

You can breathe bolts of dispelling energy.
Your rich purple scales are hard (AC +7).
Your body does not fit into most forms of armour.
You are cold-blooded and may be slowed by cold attacks.
You possess an exceptional clarity of mind.
You are clumsy. (Dex -2)
You passively map a small area around you.
Your muscles are very strong. (Str +4)


Message History

You are too injured to fight recklessly!
You are too injured to fight recklessly!
Drink which item? (? for menu, Esc to quit)
You feel yourself speed up. The hell hound completely misses you.
You are very lightly contaminated with residual magic.
You are too injured to fight recklessly!
You are too injured to fight recklessly!
You are too injured to fight recklessly!
You hit the hell hound.
The hell hound is heavily wounded.
The hell hound barely misses you.
You closely miss the hell hound.
Your tail-slap misses the hell hound.
The hell hound is heavily wounded.
The hell hound breathes flames at you. The blast of flame hits you!
* * * LOW HITPOINT WARNING * * *
You closely miss the hell hound.
The hell hound is heavily wounded.
The hell hound bites you!
You die...

..........#...≈≈≈≈.≈..#
,,
.###...........≈§§...#
*
..............(...§...#
,
#####.........%.#.##(.#
, ,...............#.# *
* *####.......#####(#
,, * .........#.# #.#
########.#.#####h#
,#.........@†# *
#.#..######## > ...#..#
, , #######..# , *
.........# ,
########..# .......<#.#
* .########.# , , .# ,


You could see a hell hound.

Vanquished Creatures
  The ghost of Statics the Shield-Bearer, a novice DDFi (D:5)
  A hippogriff (D:8)
  The ghost of Bubs the Shield-Bearer, an amateur FoFi (D:6)
  Duvessa (D:6)
  A water moccasin (D:7)
  A hell hound (D:8)
  A sky beast (D:6)
  2 orc warriors (D:6)
  An ice beast (D:6)
  Blork the orc (D:6)
  A big kobold (D:6)
  3 giant frogs
  Dowan (D:6)
  A killer bee (D:6)
  A crimson imp (D:6)
  A giant frog zombie (D:7)
  A gnoll shaman (D:6)
  An orc priest (D:3)
  Crazy Yiuf (D:2)
  A hound (D:5)
  Natasha (twice) (D:2)
  An iguana (D:5)
  4 orc wizards
  2 worker ants
  A worker ant zombie (D:5)
  3 gnolls (D:6)
  11 adders
  2 shadow imps (D:5)
  2 oozes
  An adder zombie (D:5)
  An adder skeleton (D:5)
  2 worms (D:4)
  2 dart slugs
  27 orcs
  A ball python (D:3)
  6 giant cockroaches
  10 goblins
  6 hobgoblins
  9 jackals
  5 quokkas
  9 bats
  A giant gecko skeleton (D:7)
  5 giant newts
  4 kobolds
  8 rats
148 creatures vanquished.

Vanquished Creatures (collateral kills)
  An ogre (D:4)
  Natasha (D:2)
  A dart slug (D:1)
  2 bats (D:1)
  A goblin (D:2)
  A rat (D:1)
7 creatures vanquished.

Grand Total: 155 creatures vanquished

Notes
Turn   | Place    | Note
--------------------------------------------------------------
     0 | D:1      | epen the Draconian Chaos Knight began the quest for the Orb.
     0 | D:1      | Reached XP level 1. HP: 19/19 MP: 1/1
    29 | D:1      | XOM: harmless Tloc miscast
    48 | D:1      | XOM: harmless Chrm miscast
   257 | D:1      | Reached XP level 2. HP: 23/26 MP: 2/2
   344 | D:1      | XOM: cast spell 'Call Canine Familiar'
   477 | D:1      | XOM: harmless Trmt miscast
   623 | D:1      | XOM: cast spell 'Summon Butterflies'
   795 | D:1      | Reached XP level 3. HP: 33/33 MP: 3/3
   835 | D:2      | Noticed Natasha
   863 | D:2      | XOM: cast spell 'Death Channel'
   873 | D:2      | Killed Natasha
   874 | D:2      | Reached XP level 4. HP: 9/40 MP: 4/4
   983 | D:2      | XOM: 1-stop teleportation journey
  1116 | D:2      | Noticed Natasha
  1120 | D:2      | XOM: harmless Conj miscast
  1127 | D:2      | XOM: potion effect (heal wounds)
  1133 | D:2      | XOM: fog
  1138 | D:2      | Killed Natasha
  1289 | D:2      | Noticed Crazy Yiuf
  1291 | D:2      | XOM: summons friendly quasit
  1300 | D:2      | Killed Crazy Yiuf
  1300 | D:2      | Reached skill level 4 in Unarmed Combat
  1408 | D:2      | XOM: cast spell 'Spider Form'
  1591 | D:2      | Found a shattered altar of Ashenzari.
  1657 | D:2      | Reached XP level 5. HP: 47/47 MP: 5/5
  1661 | D:2      | Noticed Natasha
  1671 | D:2      | Killed Natasha
  1725 | D:3      | XOM: enchant monster (good)
  1742 | D:3      | XOM: butterfly on damage
  2030 | D:3      | XOM: vitrification
  2041 | D:3      | XOM: mild Ice miscast
  2500 | D:4      | Noticed an ogre
  2510 | D:4      | XOM: summons 2 friendly demons
  2523 | D:4      | Killed an ogre
  2523 | D:4      | Reached XP level 6. HP: 53/53 MP: 6/6
  2633 | D:4      | XOM: 2-stop teleportation journey
  2658 | D:4      | XOM: cast spell 'Olgreb's Toxic Radiance'
  2665 | D:4      | Reached skill level 5 in Unarmed Combat
  2848 | D:4      | Found an opulent altar of Gozag.
  3027 | D:4      | XOM: silly message
  3138 | D:4      | Gained mutation: You are dopey. (Int -2) [potion of mutation]
  3138 | D:4      | Gained mutation: You possess an exceptional clarity of mind. [potion of mutation]
  3138 | D:4      | Gained mutation: You have a pair of small antennae on your head. [potion of mutation]
  3183 | D:5      | Entered Level 5 of the Dungeon
  3209 | D:5      | XOM: silly message
  3298 | D:5      | Found a staircase to the Ecumenical Temple.
  3476 | D:5      | Reached skill level 5 in Fighting
  3736 | D:5      | Gained mutation: You passively map a small area around you. [potion of mutation]
  3736 | D:5      | XOM: god gift: potion of haste
  3889 | D:5      | Noticed Statics's ghost (novice DDFi)
  3896 | D:5      | XOM: smoke on damage
  3912 | D:5      | XOM: scenery: create altars
  3927 | D:5      | XOM: summons friendly white imp
  3940 | D:5      | XOM: polymorph white imp -> quasit
  3945 | D:5      | XOM: enchant monster (bad)
  3954 | D:5      | XOM: enchant monster (good)
  3958 | D:5      | XOM: summons 2 hostile shadow creatures
  3973 | D:5      | XOM: confuse monster(s)
  3988 | D:5      | Your scales start taking on a rich purple colour.
  3988 | D:5      | Reached XP level 7. HP: 26/61 MP: 7/7
  3990 | D:6      | Noticed Blork the orc
  4003 | D:6      | Noticed Bubs's ghost (amateur FoFi)
  4003 | D:6      | XOM: swap monsters
  4011 | D:6      | XOM: summons 3 hostile shadow creatures
  4014 | D:6      | HP: 1/61 [ogre/giant club[Xom] (12)]
  4022 | D:6      | HP: 3/61 [poisoned by an adder]
  4048 | D:6      | Noticed Edmund
  4299 | D:5      | XOM: divination: detect items
  4316 | D:5      | XOM: cast spell 'Call Canine Familiar'
  4331 | D:6      | Killed Blork the orc
  4331 | D:6      | XOM: noise
  4332 | D:6      | XOM: give mutations
  4332 | D:6      | Gained mutation: Your muscles are strong. (Str +2) [Xom's mischief]
  4332 | D:6      | Gained mutation: Your muscles are very strong. (Str +4) [Xom's mischief]
  4332 | D:6      | Gained mutation: You are clumsy. (Dex -2) [Xom's mischief]
  4332 | D:6      | Lost mutation: You are dopey. (Int -2) [Xom's mischief]
  4372 | D:6      | Reached skill level 5 in Dodging
  4432 | D:6      | XOM: mild Trmt miscast
  4460 | D:6      | XOM: silly message
  4478 | D:6      | Found a sacrificial altar of Ru.
  4484 | D:6      | XOM: summons 5 hostile shadow creatures
  4490 | D:6      | XOM: summons 3 hostile demons
  4543 | D:5      | XOM: potion effect (berserk rage)
  4544 | D:5      | XOM: destruction
  4552 | D:5      | Noticed Edmund
  4552 | D:5      | Edmund changed into Edmund the iguana
  4552 | D:5      | XOM: polymorph Edmund -> Edmund the iguana
  4556 | D:5      | Killed Statics's ghost
  4556 | D:5      | Reached skill level 6 in Unarmed Combat
  4559 | D:5      | Killed Edmund the iguana
  4559 | D:5      | Reached XP level 8. HP: 63/70 MP: 8/8
  4746 | D:6      | Noticed Prince Ribbit
  4798 | D:6      | XOM: polymorph orc wizard -> killer bee
  4802 | D:6      | Reached skill level 7 in Unarmed Combat
  4941 | D:6      | Killed Bubs's ghost
  4941 | D:6      | XOM: 8-stop teleportation journey
  4968 | D:6      | XOM: mild Ice miscast
  4970 | D:6      | XOM: harmless Ice miscast
  5531 | D:6      | XOM: give mutation
  5531 | D:6      | Lost mutation: You have a pair of small antennae on your head. [Xom's mischief]
  5744 | D:6      | Noticed Duvessa
  5746 | D:6      | Noticed Dowan
  5754 | D:6      | Killed Duvessa
  5766 | D:6      | Killed Dowan
  5766 | D:6      | Reached skill level 8 in Unarmed Combat
  5970 | D:6      | XOM: polymorph black bear -> big kobold
  5981 | D:6      | Reached XP level 9. HP: 46/78 MP: 9/9
  6176 | D:7      | Found a snail-covered altar of Cheibriados.
  6179 | D:7      | Found a white marble altar of Elyvilon.
  6182 | D:7      | Found a basalt altar of Yredelemnul.
  6185 | D:7      | Found an oddly glowing altar of Pakellas.
  6232 | D:7      | Found a blossoming altar of Fedhas.
  6313 | D:7      | Found an oddly glowing altar of Pakellas.
  6390 | D:7      | XOM: 3-stop teleportation journey
  6791 | D:7      | XOM: swap monsters
  6833 | D:8      | Found a staircase to the Lair.
  6837 | D:8      | XOM: enchant monster (good)
  6878 | D:8      | Slain by a hell hound

Skill      XL: |  1  2  3  4  5  6  7  8  9 |
---------------+----------------------------+-----
Fighting       | 4 5 6 7 |  7.1
Dodging        | 3 4 5 7 |  7.5
Unarmed Combat | 4 5 6 8 |  8.5

Action                   |  1- 3 |  4- 6 |  7- 9 || total
-------------------------+-------+-------+-------++-------
Melee: Unarmed           |   121 |   368 |   299 ||   788
       Tailslap          |     7 |    37 |    37 ||    81
       Punch             |     2 |     3 |     8 ||    13
 Abil: Breathe Dispellin |       |       |     6 ||     6
  Use: Potion            |       |     6 |     6 ||    12
       Scroll            |       |    16 |     3 ||    19
 Stab: Sleeping          |       |     4 |     1 ||     5
       Distracted        |       |       |     1 ||     1
       Paralysed         |       |       |     4 ||     4
  Eat: Chunk             |       |    10 |     4 ||    14
       Meat ration       |       |       |     1 ||     1
       Pizza             |       |       |     1 ||     1
       Royal jelly       |       |       |     1 ||     1
Armor: Skin              |    50 |   140 |   112 ||   302
Dodge: Dodged            |   114 |   212 |   203 ||   529
